Cogmind - Beta 17 @@@ ROGUE MODE // 2026.07.19 @ 20:39:44 Player: Sinthome Result: Destroyed by Executioner with Helical Railgun Performance ------------- Evolutions (5) 2500 Regions Visited (11) 2200 Robots Destroyed (64) 320 Value Destroyed (2083) 2083 Prototype IDs (17) 340 Alien Tech Used (0) 0 Bonus (8581) 8581 TOTAL SCORE: 16024 Bonus ------- Follower Combat Kills 214 Prayed to X0-1V1 5000 Major X0-1V1 Interference 1300 Registered with UFD 300 Met Optimus in HQ 500 Met Data Miner 300 Met Warlord at Base 500 MAIN.C Attacked Warlord 500 Warlord Defense Kills 154 Friendly Fire -187 Cogmind --------- Core Integrity 0/665 Matter 621/700 Energy 670/700 System Corruption 0% Temperature Cool (0) Movement Walking (106) Location -5/Warlord Parts ------- > --- POWER (3) -------- Vortex Chain Reactor > --- PROPULSION (5) --- Carbon-fiber Leg Armored Leg Improved VSS Leg Enhanced Biometal Leg Enhanced Biometal Leg > --- UTILITY (6) ------ Large Storage Unit Spectral Analyzer Improved Launcher Guidance Computer Improved Launcher Guidance Computer Core Shielding Ghost Barrier > --- WEAPON (3) ------- Vortex Shotgun Vortex Catalyst Activator > --- INVENTORY (15) --- F-cell Engine IFF Parser Force Booster Makeshift Ablative Armor Improved Thermal Shield Thermal Barrier Advanced Remote Shield Improved Recalibrator Vortex Shotgun (50) Vortex Shotgun (50) Companion Sword Sapper Charge Sapper Charge Peak State ------------ > --- POWER ------------ F-cell Engine Vortex Chain Reactor > --- PROPULSION ------- Enhanced Armored Medium Treads Improved VSS Leg Enhanced Biometal Leg Enhanced Biometal Leg Gyrokinetic Inverter > --- UTILITY ---------- Large Storage Unit Advanced Melee Analysis Suite Improved Launcher Guidance Computer Improved Launcher Guidance Computer Makeshift Ablative Armor X0-1V1's Piety Tracker > --- WEAPON ----------- Vortex Shotgun Vortex Catalyst Activator > --- INVENTORY -------- Antimatter Reactor IFF Parser Force Booster Improved Thermal Shield Improved Recalibrator Vortex Shotgun Vortex Shotgun Vortex Shotgun Companion Sword Sapper Charge Sapper Charge [Rating: 134] Favorites ----------- Power Enhanced Nuclear Core Engine Reinforced Deuterium Engine Power Core Enhanced Nuclear Core Reactor Light Antimatter Reactor Propulsion Overtuned Titanium Leg Treads Enhanced Armored Medium Treads Leg Overtuned Titanium Leg Hover Unit Gyrokinetic Inverter Utility X0-1V1's Piety Tracker Device X0-1V1's Piety Tracker Storage Large Storage Unit Processor Improved Launcher Guidance Computer Hackware Ghost Barrier Protection Makeshift Ablative Armor Weapon Companion Sword Energy Gun Improved Arc Projector Ballistic Gun Light Assault Rifle Launcher Thermoblaster Special Weapon CPS Tube Slashing Weapon Companion Sword Build | -11 -10 -10 -8 -6 -6 -6 -6 -5 -5 -5 -5 ------- Run | Yrd Mat Sub Scr Fac Low Low Dat Pro Fac Upp War Slots Evolved 10 | . . . . 8 . . . . 2 . . Power 1 | . . . . 1 . . . . . . . Propulsion 3 | . . . . 2 . . . . 1 . . Utility 5 | . . . . 5 . . . . . . . Weapon 1 | . . . . . . . . . 1 . . Parts Attached 95 | 6 11 5 13 8 9 . . 11 16 3 13 Power 17 | 1 1 2 2 3 1 . . . 5 1 1 Engine 9 | 1 1 2 2 1 1 . . . . 1 . Core 5 | . . . . . . . . . 5 . . Reactor 3 | . . . . 2 . . . . . . 1 Propulsion 25 | 2 3 . 5 2 4 . . . 3 1 5 Treads 1 | . . . . . . . . . 1 . . Leg 22 | 2 3 . 5 2 4 . . . . 1 5 Wheel . | . . . . . . . . . . . . Hover 2 | . . . . . . . . . 2 . . Flight . | . . . . . . . . . . . . Utility 35 | 1 6 1 3 3 2 . . 9 6 1 3 Device 13 | . 3 . . 2 . . . 5 2 1 . Storage 4 | 1 2 . . . . . . . 1 . . Processor 9 | . . 1 1 1 1 . . 1 3 . 1 Hackware 1 | . . . . . . . . . . . 1 Protection 8 | . 1 . 2 . 1 . . 3 . . 1 Artifact . | . . . . . . . . . . . . Weapon 18 | 2 1 2 3 . 2 . . 2 2 . 4 Energy Gun 5 | 1 . . 1 . . . . . 1 . 2 Energy Cannon . | . . . . . . . . . . . . Ballistic Gun 4 | 1 . 2 . . . . . . . . 1 Ballistic Cannon . | . . . . . . . . . . . . Launcher 4 | . . . . . 1 . . 1 1 . 1 Special Weapon 3 | . . . 1 . 1 . . 1 . . . Impact Weapon . | . . . . . . . . . . . . Slashing Weapon 2 | . 1 . 1 . . . . . . . . Piercing Weapon . | . . . . . . . . . . . . Special Melee Weapon . | . . . . . . . . . . . . Unidentified Prototypes 10 | . 1 . 1 . . . . . 1 . 7 Corrupted Parts 1 | . . . 1 . . . . . . . . System Corruption 5 | . . . 5 . . . . . . . . Parts Lost 30 | . 1 2 . . 1 . . 11 9 6 . Power 6 | . . . . . 1 . . 2 2 1 . Propulsion 8 | . . 2 . . . . . 1 4 1 . Utility 10 | . . . . . . . . 7 1 2 . Weapon 6 | . 1 . . . . . . 1 2 2 . Highest Loss Streak 5 | . 1 2 . . 1 . . 3 5 5 . To Critical Strikes 1 | . . . . . . . . . 1 . . Average Backups 10 | 2 8 9 8 11 14 14 14 10 9 10 11 Power . | . 1 2 . . 1 . . . . . 1 Propulsion . | 1 2 1 . 2 1 2 2 1 . . . Utility 5 | . 3 4 4 4 6 7 8 3 4 7 6 Weapon 2 | . 1 1 1 1 2 2 3 4 4 3 3 Tool/Special . | . . . . . . . . . . . . Unused Backups 32 | . 2 1 8 1 4 . . 1 3 . 12 Power 4 | . . . 1 . . . . . 1 . 2 Propulsion 3 | . 2 1 . . . . . . . . . Utility 15 | . . . 5 1 2 . . 1 . . 6 Weapon 10 | . . . 2 . 2 . . . 2 . 4 Tool/Special . | . . . . . . . . . . . . Average Slot Usage (%) 91 | . 99 99 100 84 85 86 86 94 93 81 77 Engine 8 | . 14 14 14 5 2 11 13 12 . 1 4 Core 4 | . . . . . . . . . 15 14 9 Reactor 1 | . . . . 7 10 6 6 2 . . . Treads 1 | . . . . . . . . . 5 5 4 Leg 20 | . 28 27 28 25 25 26 26 25 15 . 9 Hover 1 | . . . . . . . . . 4 7 4 Device 11 | . 8 14 14 19 17 13 13 13 10 5 4 Storage 8 | . 14 14 14 6 6 6 6 6 5 5 5 Processor 11 | . . 11 7 5 6 6 6 12 17 21 17 Protection 5 | . 5 . 6 6 8 7 6 11 4 . 3 Energy Gun 2 | . 8 . 4 . . . . . . 4 . Ballistic Gun 2 | . 14 14 . . . . . . . . . Launcher 1 | . . . . . . 5 6 . 4 4 1 Special Weapon 1 | . . . 6 . . . . . . . . Slashing Weapon 3 | . 5 2 2 6 5 . . 4 4 5 3 Peak Build Rating 134 | 6 20 23 38 73 74 70 67 77 106 98 134 Average Rating 62 | 5 8 22 28 69 71 67 67 74 97 90 90 On Entrance 48 | . 6 20 23 38 73 68 67 67 56 97 71 Avg Prop Armor Cover (%) 8 | . . . 7 . . . . 4 10 6 10 Naked Turns . | . . . . . . . . . . . . Heaviest Build 96 | 11 19 20 34 61 74 75 75 79 81 68 96 Greatest Support 91 | 20 20 20 38 76 77 74 74 74 74 35 91 Greatest Overweight (x) 3 | 1 . . 2 . . 1 1 2 3 2 3 Average Overweight (x) . | . . . . . . . 1 . 1 1 1 Largest Inventory Capacity 15 | 8 15 10 15 15 15 15 15 15 15 15 15 Average Capacity 13 | 7 8 10 10 15 15 15 15 15 15 15 15 Most Carried 15 | 4 10 10 15 14 15 15 14 15 15 15 15 Average Carried 12 | 2 8 9 9 11 14 14 14 12 13 14 13 Final Capacity 15 | 8 10 10 15 15 15 15 15 15 15 15 15 Final Carried 15 | 4 10 10 15 12 15 14 14 15 12 13 13 Scrap Suit Usage (%) 18 | . . . . 98 98 100 100 5 . . . Parts Cannibalized 4 | . . . . 1 . 3 . . . . . Class Distribution -------------------- 60% | Mutant 25% | Scavenger-Mutant 8% | Scavenger-Scrapper 3% | Derelict-Mutant Dominant Class ---------------- Mutant | -10/Materials Mutant | -10/Subcaves Mutant | -8/Scraptown Scavenger-Scrapper | -6/Factory Scavenger-Scrapper | -6/Lower Caves Scavenger-Mutant | -6/Lower Caves Scavenger-Mutant | -6/Data Miner Scavenger-Mutant | -5/Proximity Caves Mutant | -5/Factory Mutant | -5/Upper Caves Mutant | -5/Warlord Resources | -11 -10 -10 -8 -6 -6 -6 -6 -5 -5 -5 -5 ----------- Run | Yrd Mat Sub Scr Fac Low Low Dat Pro Fac Upp War Matter Collected 2363 | 174 189 165 181 80 95 144 . 316 331 370 318 Remotely . | . . . . . . . . . . . . Salvage Created 1798 | . 335 173 70 134 60 73 . 302 524 91 36 Parts 127 | . 27 8 3 10 6 5 . 23 41 2 2 Haulers Intercepted . | . . . . . . . . . . . . Recyclers Shooed 3 | . . . . . . . . . 3 . . Parts Field Recycled . | . . . . . . . . . . . . Retrieved Matter . | . . . . . . . . . . . . Parts Self-Destructed 56 | . . 5 . . 18 8 . 19 . 6 . Prevented . | . . . . . . . . . . . . Parts Restored . | . . . . . . . . . . . . Kills | -11 -10 -10 -8 -6 -6 -6 -6 -5 -5 -5 -5 ------- Run | Yrd Mat Sub Scr Fac Low Low Dat Pro Fac Upp War Combat Hostiles Destroyed 49 | . 7 4 1 2 1 3 . 19 8 3 1 Melee 10 | . 1 . 1 2 1 1 . 2 2 . . Guns 10 | . 6 4 . . . . . . . . . Cannons 1 | . . . . . . 1 . . . . . AOE 28 | . . . . . . 1 . 17 6 3 1 Classes Destroyed 15 | . 3 2 1 . 1 1 . 1 5 . 1 Worker 2 | . . . . . . . . . 2 . . Builder 7 | . . . . . . . . . 7 . . Tunneler 1 | . . . . . . . . . 1 . . Recycler 1 | . . . . . . . . . 1 . . Drone 1 | . . . . . . . . 1 . . . Watcher 5 | . 3 . . . . . . . 2 . . Swarmer 23 | . 2 1 . . . 2 . 16 . 2 . Grunt 8 | . 5 . . . . . . 2 1 . . Sentry 5 | . . 1 . 2 . . . . 1 1 . Specialist 1 | . . . . . . . . . . . 1 Hunter 1 | . . . . . 1 . . . . . . Programmer 6 | . . . . . . . . . 6 . . Behemoth 1 | . . . . . . 1 . . . . . Subdweller 2 | . . 2 . . . . . . . . . Scrapper 1 | . . . 1 . . . . . . . . Best Kill Streak 9 | . 2 1 1 2 1 1 . 9 7 3 1 Combat Bots Only 9 | . 2 1 1 2 1 1 . 9 2 3 1 Max Kills in Single Turn 3 | . 1 1 1 1 1 1 . 3 2 2 1 Gunslinging . | . . . . . . . . . . . . Exploded 3 | . . . . . . 1 . 3 1 2 1 Melee 1 | . 1 . 1 1 1 1 . 1 1 . . Uniques/NPCs Destroyed . | . . . . . . . . . . . . Combat | -11 -10 -10 -8 -6 -6 -6 -6 -5 -5 -5 -5 -------- Run | Yrd Mat Sub Scr Fac Low Low Dat Pro Fac Upp War Hostile Shots Fired 509 | . 29 38 11 72 42 35 . 115 103 62 2 Missed 162 | . 6 12 3 26 11 17 . 32 34 21 . Hits 347 | . 23 26 8 46 31 18 . 83 69 41 2 Melee 30 | . . . . . 1 . . 29 . . . Projectile 317 | . 23 26 8 46 30 18 . 54 69 41 2 Critical Strikes 11 | . . . 1 . 1 1 . 2 5 1 . Part Disruptions 1 | . . . . . . . . . 1 . . Damage Taken 6499 | . 260 392 162 347 792 340 . 1459 1522 1171 54 Core 1111 | . 33 62 18 31 43 35 . 205 198 442 44 Absorbed by Shields . | . . . . . . . . . . . . Redirected to Shielding 10 | . . . . . . . . . . . 10 Ignored by Resistances 424 | . . . . . . 58 . 126 185 41 14 Regen/Repaired (Parts) 469 | . . . . 8 . 30 . . . . 431 Core Remaining (%) 84 | 100 . . 70 . . . . 83 . . . Volleys Fired 112 | . 22 25 2 . 1 7 . 13 35 6 1 Largest 2 | . 2 1 1 . 1 1 . 1 1 2 1 Hottest 325 | . 60 25 . . . 39 . 39 260 325 20 Shots Fired 136 | . 39 25 2 . 1 7 . 14 36 11 1 Gun 71 | . 39 25 . . . . . . 1 6 . Cannon . | . . . . . . . . . . . . Launcher 61 | . . . . . . 6 . 14 35 5 1 Special 4 | . . . 2 . 1 1 . . . . . Kinetic 47 | . 22 25 . . . . . . . . . Thermal 30 | . . . . . . . . . 25 5 . Explosive 30 | . . . . . . 6 . 14 10 . . Electromagnetic 24 | . 17 . . . . . . . 1 6 . Entropic 1 | . . . . . . . . . . . 1 Robot Hit Streak 10 | . 6 8 6 . 7 10 . . 7 2 2 Robot Miss Streak 4 | . 2 2 . . . 1 . 3 4 1 . Penetration Max . | . . . . . . . . . . . . Secondary Targets 1 | . 1 . . . . . . . . . . Max Gunslinging Chain 1 | . 1 . . . . . . . . . . Shots Hit Robots 108 | . 25 21 3 7 8 6 . 10 25 2 1 Core Hits 101 | . 16 6 1 3 1 5 . 31 31 6 1 Critical Kills . | . . . . . . . . . . . . Critical Parts Destroyed . | . . . . . . . . . . . . Critical Strikes 4 | . 1 . . . 2 1 . . . . . Corrupt 1 | . 1 . . . . . . . . . . Sunder 1 | . . . . . . 1 . . . . . Melee Attacks 58 | . 4 . 1 8 11 4 . 13 17 . . Impact . | . . . . . . . . . . . . Slashing 58 | . 4 . 1 8 11 4 . 13 17 . . Piercing . | . . . . . . . . . . . . Sneak Attacks 3 | . . . . . 1 . . . 2 . . Combat Hostiles 1 | . . . . . 1 . . . . . . Follow-up Attacks . | . . . . . . . . . . . . Damage Inflicted 7524 | . 318 321 38 281 339 761 . 1932 2730 287 517 Guns 607 | . 244 321 . . . . . . 17 25 . Cannons 95 | . . . . . . 95 . . . . . Explosions 5135 | . . . . . . 590 . 1476 2290 262 517 Melee 1687 | . 74 . 38 281 339 76 . 456 423 . . Ramming . | . . . . . . . . . . . . Kinetic 409 | . 88 321 . . . . . . . . . Thermal 1858 | . . . . . . . . 74 1522 262 . Explosive 2760 | . . . . . . 590 . 1402 768 . . Electromagnetic 198 | . 156 . . . . . . . 17 25 . Impact . | . . . . . . . . . . . . Slashing 1687 | . 74 . 38 281 339 76 . 456 423 . . Piercing . | . . . . . . . . . . . . Entropic 612 | . . . . . . 95 . . . . 517 Highest Corruption 18 | . . 2 5 . 1 9 9 18 6 6 . Average Corruption 8 | . . 2 4 . 1 7 9 16 4 6 . Corruption Purged . | . . . . . . . . . . . . Corruption Blocked . | . . . . . . . . . . . . Effects 94 | . . 3 6 . 2 5 5 48 14 11 . Message Errors 27 | . . 1 3 . . 1 . 15 2 5 . Matter Fused 19 | . . 1 2 . . 2 2 8 4 . . Heat Flow Errors 14 | . . . . . . . . 11 1 2 . Energy Discharges 15 | . . . 1 . 1 1 2 7 2 1 . Parts Rejected 1 | . . . . . 1 . . . . . . Data Loss (minor) 8 | . . . . . . . 1 4 2 1 . Data Loss (major) 7 | . . 1 . . . 1 . 2 1 2 . Misfires 2 | . . . . . . . . 1 1 . . Alerts 1 | . . . . . . . . . 1 . . Overload Shots . | . . . . . . . . . . . . Overflow Damage 500 | . . . . . . 3 . 228 219 . 50 Projectiles . | . . . . . . . . . . . . Explosions 326 | . . . . . . 3 . 143 130 . 50 Melee 174 | . . . . . . . . 85 89 . . Knockbacks . | . . . . . . . . . . . . Impact . | . . . . . . . . . . . . Kinetic . | . . . . . . . . . . . . Secondary . | . . . . . . . . . . . . Self-Inflicted Damage 337 | . . . . . . 68 . 269 . . . Shots 7 | . . . . . . 2 . 5 . . . Rammed . | . . . . . . . . . . . . Targets Rammed . | . . . . . . . . . . . . Kicked . | . . . . . . . . . . . . Crushed . | . . . . . . . . . . . . Highest Temperature 968 | . 139 . 6 1 303 8 . 257 968 934 . Average Temperature 204 | . 52 . 6 1 156 6 . 100 259 394 . Received Heat Transfer 1651 | . 120 54 109 114 440 24 . 328 216 246 . Effects 55 | . . . . . . . . 1 36 18 . Shutdowns 19 | . . . . . . . . . 10 9 . Energy Bleed 7 | . . . . . . . . 1 4 2 . Interference 10 | . . . . . . . . . 9 1 . Matter Decay 5 | . . . . . . . . . 5 . . Damage (minor) 3 | . . . . . . . . . 1 2 . Damage (major) 8 | . . . . . . . . . 7 1 . Damage (core) 3 | . . . . . . . . . . 3 . Siege Activations . | . . . . . . . . . . . . Martial Activations . | . . . . . . . . . . . . Shielding Activations . | . . . . . . . . . . . . Robots Disrupted 1 | . . . . . . . . . 1 . . Combat Hostiles 1 | . . . . . . . . . 1 . . Robots Corrupted . | . . . . . . . . . . . . Combat Hostiles . | . . . . . . . . . . . . Parts Fried . | . . . . . . . . . . . . Impact Corruptions . | . . . . . . . . . . . . Robots Melted . | . . . . . . . . . . . . Combat Hostiles . | . . . . . . . . . . . . Parts Melted 3 | . . . . . . . . . 3 . . Heat Transferred 2720 | . . . . . . . . 160 2160 400 . Parts Sabotaged . | . . . . . . . . . . . . Parts Stolen 3 | . . . . . 1 . . 2 . . . Parts Stripped . | . . . . . . . . . . . . Power Chain Reactions . | . . . . . . . . . . . . Alert | -11 -10 -10 -8 -6 -6 -6 -6 -5 -5 -5 -5 ------- Run | Yrd Mat Sub Scr Fac Low Low Dat Pro Fac Upp War Maximum Alert Level . | . . . . . . . . . . . . Low Security (%) 100 | 100 100 . . 100 . . . . 100 . . Level 1 . | . . . . . . . . . . . . Level 2 . | . . . . . . . . . . . . Level 3 . | . . . . . . . . . . . . Level 4 . | . . . . . . . . . . . . Level 5 . | . . . . . . . . . . . . High Security . | . . . . . . . . . . . . Max Security . | . . . . . . . . . . . . Peak Influence 111 | . 104 . . 30 . . . . 111 . . Initial . | . . . . . . . . . . . . Average 34 | . 32 . . 4 . . . . 44 . . Influence Increases 1658 | . 236 40 . 40 198 171 . 460 433 60 20 Destroy 0b10 Robot/C 1020 | . 140 40 . 40 100 80 . 380 160 60 20 Destroy 0b10 Robot/NC 85 | . 15 . . . . . . 5 65 . . Destroy Leader 150 | . 36 . . . 40 10 . 30 34 . . Allied During Kill 19 | . . . . . 13 6 . . . . . Successful Hack 12 | . . . . . . . . . 12 . . Destroy Structure 162 | . . . . . . . . . 162 . . Lose Combat Pursuer 210 | . 45 . . . 45 75 . 45 . . . Influence Decreases 1638 | . 236 40 . 30 208 171 . 460 374 119 . Entered New Map 27 | . . . . . 4 . . . . 23 . Time Decay 1401 | . 226 40 . 30 164 171 . 390 294 86 . Lost Part 170 | . 10 . . . . . . 70 80 10 . Lost Ally 40 | . . . . . 40 . . . . . . Squads Dispatched 6 | . 1 . . . . . . . 5 . . Investigation 2 | . . . . . . . . . 2 . . Extermination 1 | . . . . . . . . . 1 . . Reinforcement 3 | . 1 . . . . . . . 2 . . Assault . | . . . . . . . . . . . . Garrison . | . . . . . . . . . . . . Intercept . | . . . . . . . . . . . . Searches Triggered . | . . . . . . . . . . . . Construction Impeded 1 | . . . . . . . . . 1 . . Haulers Reinforced 1 | . . . . . . . . . 1 . . Active Scanning Responses . | . . . . . . . . . . . . Cargo Convoy Interrupts . | . . . . . . . . . . . . Stealth | -11 -10 -10 -8 -6 -6 -6 -6 -5 -5 -5 -5 --------- Run | Yrd Mat Sub Scr Fac Low Low Dat Pro Fac Upp War Distress Signals 3 | . . . . . . . . . 1 . 2 Communications Jammed . | . . . . . . . . . . . . Distress Signals . | . . . . . . . . . . . . Times Spotted 115 | . 15 6 19 3 8 7 . 27 22 7 1 Peak Tracking Total 5 | . 3 3 5 3 4 3 . 5 5 4 . Tactical Retreats 11 | . 3 . 1 . 1 3 . 3 . . . Traps | -11 -10 -10 -8 -6 -6 -6 -6 -5 -5 -5 -5 ------- Run | Yrd Mat Sub Scr Fac Low Low Dat Pro Fac Upp War Traps Triggered 2 | . . . . . . . . . 2 . . Indirectly . | . . . . . . . . . . . . Trap Hack Attempts . | . . . . . . . . . . . . Triggered . | . . . . . . . . . . . . Disarmed . | . . . . . . . . . . . . Reprogrammed . | . . . . . . . . . . . . Reused . | . . . . . . . . . . . . Traps Extracted . | . . . . . . . . . . . . Installed . | . . . . . . . . . . . . Triggered . | . . . . . . . . . . . . Time Bombs Activated 3 | . . . . . . . . . 1 2 . Exploded 3 | . . . . . . . . . 1 2 . Machines | -11 -10 -10 -8 -6 -6 -6 -6 -5 -5 -5 -5 ---------- Run | Yrd Mat Sub Scr Fac Low Low Dat Pro Fac Upp War Machines Disabled 4 | . . . . . . . . 4 . . . Max in Single Turn 4 | . . . . . . . . 4 . . . Machines Repaired . | . . . . . . . . . . . . Machines Dismantled . | . . . . . . . . . . . . Machines Sabotaged . | . . . . . . . . . . . . Overloaded Fab Kills . | . . . . . . . . . . . . Hacking | -11 -10 -10 -8 -6 -6 -6 -6 -5 -5 -5 -5 --------- Run | Yrd Mat Sub Scr Fac Low Low Dat Pro Fac Upp War Machines Accessed 15 | . 3 . 4 . . . 4 . 2 . 2 Terminals 4 | . 3 . . . . . . . 1 . . Fabricators . | . . . . . . . . . . . . Repair Stations . | . . . . . . . . . . . . Recycling Units . | . . . . . . . . . . . . Scanalyzers 1 | . . . . . . . . . 1 . . Garrison Access . | . . . . . . . . . . . . Total Hacks 50 | . 5 . 13 . . . 23 . 6 . 3 Successful 46 | . 3 . 13 . . . 23 . 4 . 3 Failed 4 | . 2 . . . . . . . 2 . . Catastrophic . | . . . . . . . . . . . . Database Lockouts . | . . . . . . . . . . . . Manual 6 | . 1 . . 1 . . . . 2 . 2 Terminals 8 | . 5 . . . . . . . 3 . . Fabricators . | . . . . . . . . . . . . Repair Stations . | . . . . . . . . . . . . Recycling Units . | . . . . . . . . . . . . Scanalyzers 3 | . . . . . . . . . 3 . . Garrison Access . | . . . . . . . . . . . . Terminal Hacks 43 | . 3 . 13 . . . 23 . 1 . 3 Record 27 | . 1 . 12 . . . 11 . 1 . 2 Part Schematic 8 | . . . . . . . 8 . . . . Robot Schematic 4 | . . . . . . . 4 . . . . Open Door 2 | . . . 1 . . . . . . . 1 Transport Status 1 | . 1 . . . . . . . . . . Zone Layout 1 | . 1 . . . . . . . . . . Fabricator Hacks . | . . . . . . . . . . . . Repair Station Hacks . | . . . . . . . . . . . . Recycling Unit Hacks . | . . . . . . . . . . . . Scanalyzer 3 | . . . . . . . . . 3 . . Insert Component 2 | . . . . . . . . . 2 . . Analyze 1 | . . . . . . . . . 1 . . Garrison Access Hacks . | . . . . . . . . . . . . Unauthorized Hacks . | . . . . . . . . . . . . Terminals . | . . . . . . . . . . . . Fabricators . | . . . . . . . . . . . . Repair Stations . | . . . . . . . . . . . . Recycling Units . | . . . . . . . . . . . . Scanalyzers . | . . . . . . . . . . . . Garrison Access . | . . . . . . . . . . . . Data Cores Recovered . | . . . . . . . . . . . . Used . | . . . . . . . . . . . . Hacking Detections 5 | . 1 . . 1 . . . . 3 . . Full Trace Events 2 | . . . . . . . . . 2 . . Feedback Events . | . . . . . . . . . . . . Feedback Blocked . | . . . . . . . . . . . . Robot Schematics Acquired 4 | . . . . . . . 4 . . . . Robots Built . | . . . . . . . . . . . . Authchips . | . . . . . . . . . . . . Time . | . . . . . . . . . . . . Total Robot Build Rating . | . . . . . . . . . . . . Part Schematics Acquired 8 | . . . . . . . 8 . . . . Parts Built . | . . . . . . . . . . . . Authchips . | . . . . . . . . . . . . Time . | . . . . . . . . . . . . Total Part Build Rating . | . . . . . . . . . . . . Part Studies Acquired . | . . . . . . . . . . . . Parts Repaired . | . . . . . . . . . . . . Time . | . . . . . . . . . . . . Parts Recycled . | . . . . . . . . . . . . Recycled Matter . | . . . . . . . . . . . . Retrieved Matter . | . . . . . . . . . . . . Retrieved Components . | . . . . . . . . . . . . Parts Scanalyzed 1 | . . . . . . . . . 1 . . Part Schematics Acquired . | . . . . . . . . . . . . Parts Damaged . | . . . . . . . . . . . . Bothacking | -11 -10 -10 -8 -6 -6 -6 -6 -5 -5 -5 -5 ------------ Run | Yrd Mat Sub Scr Fac Low Low Dat Pro Fac Upp War Used RIF Installer . | . . . . . . . . . . . . Robots Hacked . | . . . . . . . . . . . . Non-combat . | . . . . . . . . . . . . Combat . | . . . . . . . . . . . . Robot Hacks Applied . | . . . . . . . . . . . . Relay Couplers Released . | . . . . . . . . . . . . Fabnet Peak Effective % . | . . . . . . . . . . . . Robots Rewired . | . . . . . . . . . . . . Allies Hacked . | . . . . . . . . . . . . Hacks Repelled . | . . . . . . . . . . . . Allies | -11 -10 -10 -8 -6 -6 -6 -6 -5 -5 -5 -5 -------- Run | Yrd Mat Sub Scr Fac Low Low Dat Pro Fac Upp War Total Allies 3 | . . . . . 2 1 . . . . . Largest Group 2 | . . . . . 2 1 . . . . . Highest-Rated Group 79 | . . . . . 64 79 . . . . . Highest-Rated Ally 79 | . . . . . 32 79 . . . . . Initial UFD Resources 26 | . . . . 23 23 23 23 26 26 26 26 Total Orders . | . . . . . . . . . . . . Ally Attacks 40 | . . . . . 29 11 . . . . . Total Damage 1983 | . . . . . 1213 770 . . . . . Kills 5 | . . . . . 4 1 . . . . . Allies Corrupted . | . . . . . . . . . . . . Allies Melted 8 | . . . 7 . 1 . . . . . . X0-1V1 Amusement Gains 184 | . 19 . 95 . . . . 55 . 15 . Good Acts 33 | . . 3 3 . 3 4 . 9 5 6 . Bad Acts 16 | . . 3 2 1 1 3 . 3 1 2 . Intel | -11 -10 -10 -8 -6 -6 -6 -6 -5 -5 -5 -5 ------- Run | Yrd Mat Sub Scr Fac Low Low Dat Pro Fac Upp War Active Infowar (turns) 1468 | . 212 430 738 . . . . . . . 88 Optics 1256 | . . 430 738 . . . . . . . 88 Terrain 212 | . 212 . . . . . . . . . . Robot Analysis Total . | . . . . . . . . . . . . Derelict Logs Recovered 6 | . . . . . 2 2 . . . 2 . Drone Launches . | . . . . . . . . . . . . Drone Recoveries . | . . . . . . . . . . . . Exploration | -11 -10 -10 -8 -6 -6 -6 -6 -5 -5 -5 -5 ------------- Run | Yrd Mat Sub Scr Fac Low Low Dat Pro Fac Upp War Turns Passed 8822 | 65 871 501 1434 228 609 615 146 1324 1083 963 983 Spaces Moved 4567 | 48 346 342 861 105 467 363 82 730 422 386 415 Core 9 | 9 . . . . . . . . . . . Treads 596 | . . . . . . . . . 157 356 83 Legs 3962 | 39 346 342 861 105 467 363 82 730 265 30 332 Wheels . | . . . . . . . . . . . . Hover . | . . . . . . . . . . . . Flight . | . . . . . . . . . . . . Fastest Speed 50 | 50 120 120 95 100 100 110 180 110 110 240 96 Average Speed 161 | 108 120 120 137 100 102 158 180 166 215 241 225 Slowest Speed 345 | 120 120 120 270 100 110 180 180 260 330 260 345 Overloaded Moves . | . . . . . . . . . . . . Propulsion Burnouts . | . . . . . . . . . . . . Robots Hopped . | . . . . . . . . . . . . Potential Cave-ins 4 | . . . 3 . . . . 1 . . . Cave-ins Triggered . | . . . . . . . . . . . . Exploration Rate (%) 40 | 3 44 22 49 3 65 49 71 65 13 49 53 Regions Visited 11 Branch Regions 8 Pre-discovered Areas 3 | . . . . . 1 . 1 . . 1 . Known Exits Taken 3 | . . . 1 . . . . 1 1 . . Unknown Exits Taken 8 | 1 1 1 . 1 1 1 1 . . 1 . Scrap Searched 10 | . . 1 2 . 3 2 . . . 2 . Spaces Dug 7 | . . . . . . . . . 7 . . Terrain Destroyed 323 | . . . . . . 35 . 169 98 1 20 Melee 7 | . . . . . . . . . 7 . . Projectile 1 | . . . . . . 1 . . . . . AOE 315 | . . . . . . 34 . 169 91 1 20 Terrain Rammed . | . . . . . . . . . . . . Walls Destroyed . | . . . . . . . . . . . . Machines Disabled . | . . . . . . . . . . . . Actions | -11 -10 -10 -8 -6 -6 -6 -6 -5 -5 -5 -5 --------- Run | Yrd Mat Sub Scr Fac Low Low Dat Pro Fac Upp War Total 5806 | 57 756 409 1110 215 581 391 81 802 534 406 464 Wait 792 | . 364 31 188 89 76 10 . 11 15 2 6 Move 4556 | 47 345 341 860 104 466 362 81 729 421 385 415 Hop . | . . . . . . . . . . . . Pick Up 75 | 4 5 3 19 5 8 2 . 9 9 4 7 Fast Attach 31 | 6 1 . . . 4 . . 4 5 2 9 Attach 40 | . 1 3 1 6 1 2 . 9 11 1 5 Detach 9 | . . . . . 1 . . 2 2 . 4 Swap 60 | . 10 4 15 2 6 3 . 8 7 2 3 Drop 59 | . 4 2 22 1 7 1 . 1 5 2 14 Fire 112 | . 22 25 2 . 1 7 . 13 35 6 1 Melee 58 | . 4 . 1 8 11 4 . 13 17 . . Ram . | . . . . . . . . . . . . Kick . | . . . . . . . . . . . . Crush . | . . . . . . . . . . . . Escape Stasis 5 | . . . . . . . . . 5 . . Rewire 6 | . . . 2 . . . . 3 1 . . Trap 3 | . . . . . . . . . 1 2 . Miscellaneous . | . . . . . . . . . . . . Route ------- -11/Scrapyard -10/Materials (discovered 3 exits: [*Mat] / [*Min] / [*Sub]) -10/Subcaves -8/Scraptown (discovered 2 exits: *Fac x2) -6/Factory -6/Lower Caves -6/Lower Caves -6/Data Miner -5/Proximity Caves -5/Factory (discovered 3 exits: Fac x2 / *Upp) -5/Upper Caves (discovered 2 exits: Upp / *War) -5/Warlord History --------- Turn | Location | Event 4 | -11/Scrapyard | Discovered new exit (range 16) 66 | -11/Scrapyard | Entered Materials 295 | -10/Materials | Discovered new exit (range 10) 309 | -10/Materials | Build established: Mutant 552 | -10/Materials | Discovered new exit (range 6) 862 | -10/Materials | Discovered new exit (range 9) 907 | -10/Materials | Prayed at D.C.S.S. Altar Unit 937 | -10/Materials | Entered Subcaves 938 | -10/Subcaves | Approached by a straggling Scientist 1007 | -10/Subcaves | X0-1V1 mutated your Weapon slot to Utility slot 1061 | -10/Subcaves | Heat dissipation permanently improved by X0-1V1 (+15; -75 max core) 1394 | -10/Subcaves | X0-1V1 activates XOMVISION 1438 | -10/Subcaves | Entered Scraptown 1441 | -8/Scraptown | System corruption cleaned by C-Scrubber 1620 | -8/Scraptown | Visited Junk Repository 1657 | -8/Scraptown | Visited UFD Registry 1657 | -8/Scraptown | Registered with UFD as "Dualcutter" 1679 | -8/Scraptown | Visited Chapter 10 1747 | -8/Scraptown | Visited Observation Area 1781 | -8/Scraptown | Visited Abandonware Association 1866 | -8/Scraptown | Found Scrap Suit 1903 | -8/Scraptown | Visited Sword Containment 1915 | -8/Scraptown | Found Prototype Slashing Weapon 1915 | -8/Scraptown | Identified Companion Sword 1941 | -8/Scraptown | Visited Supply Room 1971 | -8/Scraptown | Visited LU-1G1's Boring Crew 2115 | -8/Scraptown | Visited Science Testing Area 2176 | -8/Scraptown | Met Optimus 2176 | -8/Scraptown | Accepted into 0bPrime 2352 | -8/Scraptown | Visited Research Penetration Think Tank 2417 | -8/Scraptown | Discovered new exit (range 5) 2576 | -8/Scraptown | Civil war broke out across Scraptown 2578 | -8/Scraptown | Attached CPS modules to Optimus 2650 | -8/Scraptown | Identified exit to Factory 2676 | -8/Scraptown | Lost 8 allies 2777 | -8/Scraptown | Attached CPS modules to JX-K1X(j) 2819 | -8/Scraptown | Core integrity restored by X0-1V1 (+29) 2841 | -8/Scraptown | X0-1V1 activates XOMVISION 2847 | -8/Scraptown | System corruption cleaned by C-Scrubber 2863 | -8/Scraptown | Found Scrap Suit 2872 | -8/Scraptown | Entered Factory 2872 | -6/Factory | Evolved 8 slots: Power x1, Propulsion x2, Utility x5 2873 | -6/Factory | Lost 11 allies 2893 | -6/Factory | X0-1V1 announced a LAN party 3083 | -6/Factory | Discovered new exit (range 9) 3100 | -6/Factory | Entered Lower Caves 3169 | -6/Lower Caves | Build established: Scavenger-Scrapper 3353 | -6/Lower Caves | X0-1V1 sent allied Y-54 Guardian (x2) 3459 | -6/Lower Caves | Spotted B-75 Beast 3470 | -6/Lower Caves | Attached CPS modules to B-75 Beast 3492 | -6/Lower Caves | Allies destroyed B-75 Beast 3624 | -6/Lower Caves | KI resistance permanently improved by X0-1V1 (+20%; -200 max core) 3699 | -6/Lower Caves | Discovered new exit (range 9) 3709 | -6/Lower Caves | Entered another Lower Caves area 3758 | -6/Lower Caves | Learned Factory stockpile data 3773 | -6/Lower Caves | Ranged accuracy permanently improved by X0-1V1 (+6%; -60 max core) 3788 | -6/Lower Caves | Spotted B-75 Beast 3797 | -6/Lower Caves | X0-1V1 sent allied Knight (x1) 3821 | -6/Lower Caves | Destroyed B-75 Beast 3826 | -6/Lower Caves | Attached CPS modules to 72-8AE(K) 3872 | -6/Lower Caves | X0-1V1 mutated your Utility slot to Power slot 3901 | -6/Lower Caves | Learned location of 2 exits from Factory 3932 | -6/Lower Caves | Build established: Scavenger-Mutant 4068 | -6/Lower Caves | Encountered a Warlord checkpoint 4303 | -6/Lower Caves | Discovered new exit (range 5) 4324 | -6/Lower Caves | Entered Data Miner 4324 | -6/Data Miner | Discovered new exit (range 6) 4359 | -6/Data Miner | Met Data Miner 4396 | -6/Data Miner | Learned location of Section 7 (-2) 4396 | -6/Data Miner | Acquired the access code to Warlord's prototype stash 4429 | -6/Data Miner | Received God Mode back door access code from Data Miner 4470 | -6/Data Miner | Entered Proximity Caves 4542 | -5/Proximity Caves | Attracted the attention of an 0b10 base 4657 | -5/Proximity Caves | System corruption reached 10% 4996 | -5/Proximity Caves | Destroyed 9 combat bots 5086 | -5/Proximity Caves | Mak. Ablative Armor reconfigured into Item Mimic 5098 | -5/Proximity Caves | Encountered a Derelict sapper outpost 5131 | -5/Proximity Caves | Lost 3 parts (1p1n1u) 5682 | -5/Proximity Caves | Identified exit to Factory 5682 | -5/Proximity Caves | X0-1V1 revealed exit location to -5/Factory 5694 | -5/Proximity Caves | Core integrity restored by X0-1V1 (+133) 5794 | -5/Proximity Caves | Entered Factory 5794 | -5/Factory | Evolved 2 slots: Propulsion x1, Weapon x1 5795 | -5/Factory | Identified exit to Factory 5825 | -5/Factory | Lost 3 parts (1p2u) 6091 | -5/Factory | X0-1V1 downgraded hostiles (x2) 6093 | -5/Factory | Build established: Derelict-Mutant 6110 | -5/Factory | Identified exit to Upper Caves 6110 | -5/Factory | X0-1V1 revealed exit location to -5/Upper Caves 6199 | -5/Factory | Allied Derelicts emerged from ambush trap array 6401 | -5/Factory | Lost 3 allies 6431 | -5/Factory | Build established: Mutant 6698 | -5/Factory | Lost 5 parts (2p2n1w) 6877 | -5/Factory | Entered Upper Caves 6898 | -5/Upper Caves | X0-1V1 mutated your Utility slot to Weapon slot 7034 | -5/Upper Caves | Learned location of Armory (-3) 7134 | -5/Upper Caves | Learned 8 Factory zone layouts 7302 | -5/Upper Caves | Attracted the attention of an 0b10 checkpoint 7317 | -5/Upper Caves | Core integrity fell below 50% 7319 | -5/Upper Caves | Core integrity fell below 20% 7584 | -5/Upper Caves | X0-1V1 activates XOMVISION 7764 | -5/Upper Caves | Lost 5 parts (1p2u2w) 7817 | -5/Upper Caves | Identified exit to Upper Caves 7817 | -5/Upper Caves | X0-1V1 revealed exit location to -5/Upper Caves 7835 | -5/Upper Caves | A Derelict revealed a hidden shortcut to "reach the base" 7840 | -5/Upper Caves | Entered Warlord 8232 | -5/Warlord | Rebuked by Warlord 8257 | -5/Warlord | Warlord's base attacked by MAIN.C 8489 | -5/Warlord | Found Prototype Energy Gun 8489 | -5/Warlord | Identified Vortex Shotgun 8494 | -5/Warlord | Found Prototype Launcher 8494 | -5/Warlord | Identified Vortex Catalyst Activator 8517 | -5/Warlord | Found Vortex Shotgun 8539 | -5/Warlord | Found Vortex Shotgun 8552 | -5/Warlord | Found Vortex Shotgun 8607 | -5/Warlord | Warlord forces counterattacked 8696 | -5/Warlord | Opened Warlord's prototype stash 8705 | -5/Warlord | Found Prototype Reactor 8705 | -5/Warlord | Identified Vortex Chain Reactor 8731 | -5/Warlord | Found Prototype Hackware 8731 | -5/Warlord | Identified Ghost Barrier 8735 | -5/Warlord | Found Prototype Processor 8735 | -5/Warlord | Identified Spectral Analyzer 8737 | -5/Warlord | Found Prototype Device 8817 | -5/Warlord | Spotted Executioner 8823 | -5/Warlord | Destroyed by Executioner with Helical Railgun Last Messages --------------- prototype support. 08803_ Acquired 26 matter. 08804_ Acquired 10 matter. 08805_ Acquired 60 matter. 08807_ Dropped Gyrokinetic Inverter. 08807_ Dropped Enh. Armored Medium Treads. 08808_ Discarded X0-1V1's Piety Tracker. 08809_ Acquired Unknown Protection. 08809_ Identified Core Shielding. 08812_ Acquired 114 matter. 08813_ Slug penetrates P4-JQY(g). 08813_ P4-JQY(g) destroyed. 08813_ Acquired 56 matter. 08817_ Acquired Arm. Leg. 08818_ Acquired 52 matter. 08820_ Acquired Carbon-fiber Leg. 08823_ X-77 Beamer destroyed. 08823_ Destroyed Carbon-fiber Leg. 08823_ Penetrated by Slug. 08823_ X0-1V1 chortles! Map ----- +----------------------------------------------------+ | ?????????????????????????????????????????????????? | | ??????????? ?????????????????????????????????????? | | ??????????? ?????????????????????????????????????? | | ??????????? ?????????????????????????????????????? | | ??????????? ?????????????????????????????????????? | | ??????????# #????????????????????????????????????? | | ??????????# #????????????????????????????????????? | | ??????????# #????????????????????????????????????? | | ??????????# #????????????????????????????????????? | | ??????????# #????????????????????????????????????? | | ??????????# #????????????????????????????????????? | | ??????????# #????????????????????????????????????? | | ??????????# #????????????????????????????????????? | | ?????????## ##?????#""#?????????????????????g!=??? | | ?????????# #?????#""#??????????????????? ]%???? | | ?????????# #?????#""#??????????????????= ]!#?? | | ?????????+ #?????#""#??????????????#? = % [#?? | | ?????????# #?????#""#?????????###? # *[% ???? | | ??????#### #######""#####???## # ;% ##? | | ??????# %! ; "" "#### ! [% ## | | ??????#BB # ""%% """"=! *=! %[ =; # | | #######BB ; ""=![% % %[[=*!=!!*![!% [; | | Y /%%%/%%=%%[*/=%* !==%%%[%==*#*= | | Y % /%=![%/%%/* %!!% *%%%%!%!%%==[/[#? | | Y /^ =* = % !=!%=%=!%&//*!=%![%;#?? | | """ Y /^*!= /^%@==!*=[&%]=*==%%!!/=##??? | | """ #BB %; ""===""[![=%!!=!!%|*%=%[=; #?? | | """ #BB # "" *"""" = [ [=[; ####? | | """ # Y # "" "### # ; ; *## %;### # | | """ #### "######""#####??### ####### ### | | ##????#""#????????? ##???## ^ ### | | #?????#""#??????????##????# ### | | """ #?????#""#???????????????## ##?# | | """ #?????#""#???????????????# #???# | | """ #?????#""#???????????????# #????# | | """ #??????##????????????????# ^##????# | | """ #????????????????????????# #?????## | | #???????????????????????## ##????## | | #??????????????????????## ##??## | | """ #####+##??????????????????????# ##?# | | """ #?????????????????????????##### ## ### | | """ #????????????????????????## # #### ## | | """ #????????????????????????# #?## ## | | "?" #????????????????????????# #??# ## | | ? #????????????????????????# ## #?## | | ? ?????????????????????????####?# #??### | | "?" ?????????????????????????????? ##????##### | | "?? ??????????????????????????????####?????????? | | "????????????????????????????????????????????????? | | ?????????????????????????????????????????????????? | +----------------------------------------------------+ Best States ------------- Heat Dissipation 82 Energy Generation 69 Energy Capacity 1100 Matter Stores 641 Matter Capacity 700 Sight Range 26 Terrain Scan Range 14 Terrain Scan Density 10 Armor Coverage 450 Resistance: KI 44 Resistance: TH 25 Resistance: EX 25 Core Shielding 20 Evasion (%) 55 Melee Accuracy 8 Launcher Accuracy 90 Target Analysis 5 Core Analysis 6 Recoil Reduction 1 Force Boost 20 Defensive Hacking 20 Item Schematics ----------------- Combat Drone Bay | -6/Data Miner | Free Lgt. Regenerative Plating | -6/Data Miner | Free Enh. Flexi-carbon Leg | -6/Data Miner | Free Prc. Matter Filter | -6/Data Miner | Free Hvy. Proton Cannon | -6/Data Miner | Free Centrium Wheel | -6/Data Miner | Free Adv. Thermal Shield | -6/Data Miner | Free Hvy. Gauss Cannon | -6/Data Miner | Free Robot Schematics ------------------ Y-64 Sentinel | -6/Data Miner | Free G-50 Soldier | -6/Data Miner | Free H-66 Slayer | -6/Data Miner | Free I-47 Archangel | -6/Data Miner | Free Fabricated ------------ Nothing Repaired ---------- Nothing Studied --------- None Alien Tech Used ----------------- None Achievements -------------- Adventurer Fancy Inventory Plot Armor Reappropriation The Oracle Challenges ------------ None Game ------ Seed GodChipLattice Manual? 0 Play Time 02:23:34 Cumulative 40.7 hours Start 2026.07.19 @ 17:13:30 End 2026.07.19 @ 20:39:44 Sessions 1 Manual Loads 0 Difficulty Rogue Special Mode None Game No. 36 Rogue 36 Adventurer 0 Explorer 0 Win Type - Total 0 Types 0/0/0/0/0/0/0/0/0/0 Lore% 17 Gallery% 34 Achievement% 19 Wizard Run 0 Options --------- Layout 0 ASCII 0 Keyboard 0 Movement Numpad Keybinds 0 Fullscreen 1 Font 24/X11 Map View 76x50 Zoom Use 0% Tactical HUD 1 Map Filters NONE Filters NONE Steam 1 RUN: af4e416a-b50b-4b6e-98a7-f57215ef6029